[Event "Late-Titled-Tuesday-Blitz-December-26-2023"]
[Site "Chess.com"]
[Date "2023.12.26"]
[Round "4"]
[White "Fradi82"]
[Black "aksuliini1"]
[Result "0-1"]
[WhiteElo "2306"]
[BlackElo "2481"]
[TimeControl "180+1"]
[EndTime "14:38:15 PST"]
[Termination "aksuliini1 won by resignation"]

1. e4 c6 2. d4 d5 3. e5 Bf5 4. Bd3 Bxd3 5. Qxd3 e6 6. Ne2 Qa5+ 7. Nbc3 Qa6 8. Qh3 c5 9. Nxd5 Qa5+ 10. Bd2 Qd8 11. Ndf4 cxd4 12. O-O-O Nc6 13. Be3 Bc5 14. Nh5 g6 15.
Nf6+ Nxf6 16. exf6 Qxf6 17. Bh6 O-O-O 18. Rhe1 Rd5 19.
Bf4 g5 20. Bg3 h5 21. f3 d3 22. Nc3 d2+ 23. Rxd2 Rxd2 24. Kxd2 h4 25. Be5 Nxe5 26. Ne4 Qf4+ 27. Kd1 Rd8+ 28. Ke2 0-1

[Event "Late-Titled-Tuesday-Blitz-December-26-2023"]
[Site "Chess.com"]
[Date "2023.12.26"]
[Round "4"]
[White "ahkashefi2800"]
[Black "vladoboch"]
[Result "1-0"]
[WhiteElo "2616"]
[BlackElo "2407"]
[TimeControl "180+1"]
[EndTime "14:38:17 PST"]
[Termination "ahkashefi2800 won by resignation"]

1. d4 Nf6 2. Nf3 g6 3. Bg5 Bg7 4. c3 O-O 5. e3 d5 6. Nbd2 Nbd7 7. Qb3 c6 8. h3 Re8 9. Be2 Qb6 10. Bf4 Ne4 11. Nxe4 dxe4 12. Ng5 Qxb3 13. axb3 e5 14. dxe5 Bxe5 15. Bc4 Re7 16. O-O-O Bxf4 17. exf4 h6 18.
Nxf7 Rxf7 19. Rhe1 Nf6 20. Rd8+ Kg7 21. Bxf7 Kxf7 22.
Red1 b6 23. Kc2 c5 24. g4 Bb7 25. R8d7+ Nxd7 26. Rxd7+ Kf6 27. Rxb7 g5 28. f5 Ke5 29.
Kd2 Kf4 30. Ke2 h5 31. gxh5 Kxf5 32. h6 Kg6 33. h7 Kh5 34. Rxa7 Rh8 35. Rb7 Kh4 36.
Ke3 Kxh3 37. Kxe4 Kg2 38. Kf5 Kxf2 39. Kxg5 Ke2 40. Rd7 Ke3 41. Kg6 Ra8 42. Kg7 1-0

[Event "Late-Titled-Tuesday-Blitz-December-26-2023"]
[Site "Chess.com"]
[Date "2023.12.26"]
[Round "4"]
[White "ozates"]
[Black "KVAIDAN"]
[Result "1-0"]
[WhiteElo "2612"]
[BlackElo "2387"]
[TimeControl "180+1"]
[EndTime "14:38:17 PST"]
[Termination "ozates won by checkmate"]

1. e4 e5 2. Nf3 d5 3. exd5 e4 4. Qe2 Nf6 5. d3 Bb4+ 6. c3 O-O 7. dxe4 Bc5 8. Nbd2 Re8 9. Qc4 b6 10. Qa4 Bd7 11.
Bb5 Nxe4 12. O-O Nxd2 13. Bxd2 a6 14. Bxd7 Nxd7 15. c4 Ne5 16. Nxe5 Rxe5 17. Rae1 Qf6 18. Rxe5 Qxe5 19. Re1 Qxb2 20. Re8+ Rxe8 21. Qxe8+ Bf8 22. Be1 Qxa2 23. Qe4 h6 24. g3 a5 25. Kg2 a4 26.
Bc3 Bc5 27. Qe8+ Kh7 28. Qe4+ g6 29. Qf4 Kg8 30. Qf6 Kf8 31. Qd8# 1-0

[Event "Late-Titled-Tuesday-Blitz-December-26-2023"]
[Site "Chess.com"]
[Date "2023.12.26"]
[Round "4"]
[White "PawnStorn"]
[Black "OneTrickPony_82"]
[Result "1-0"]
[WhiteElo "2374"]
[BlackElo "2484"]
[TimeControl "180+1"]
[EndTime "14:38:20 PST"]
[Termination "PawnStorn won by resignation"]

1. c4 Nf6 2. Nc3 c5 3. g3 e6 4. Bg2 d5 5. cxd5 exd5 6. d4 cxd4 7. Qxd4 Nc6 8. Qd1 d4 9. Nb1 Bc5 10. Nf3 O-O 11. O-O h6 12. Nbd2 Bb6 13. Nc4 Re8 14. Nxb6 Qxb6 15. b3 Bf5 16. Bb2 Rad8 17. Ne1 Be4 18.
Nd3 Qb5 19. Bxe4 Nxe4 20. Rc1 Qd5 21. Nf4 Qf5 22. Rc4 g5 23. Nd3 Qd5 24. Qc1 h5 25.
Nc5 Nd6 26. Nxb7 Ne5 27. Nxd6 Nxc4 28. Nxe8 Rxe8 29. bxc4 Qf5 30. Qd2 h4 31. Qxd4 Qh7 32. Qf6 h3 33. Qxg5+ Qg6 34. Qxg6+ fxg6 35. e3 1-0

[Event "Late-Titled-Tuesday-Blitz-December-26-2023"]
[Site "Chess.com"]
[Date "2023.12.26"]
[Round "4"]
[White "Zampronha1971"]
[Black "Pertinhez76"]
[Result "1-0"]
[WhiteElo "2333"]
[BlackElo "2066"]
[TimeControl "180+1"]
[EndTime "14:38:21 PST"]
[Termination "Zampronha1971 won by resignation"]

1. e4 c5 2. Nf3 d6 3. d4 cxd4 4. Nxd4 Nf6 5. Nc3 a6 6. Bg5 e6 7.
f4 Be7 8. Qf3 Qc7 9. O-O-O Nbd7 10. Bd3 h6 11. e5 hxg5 12. exf6 Bxf6 13. Nxe6 fxe6 14. Bg6+ Kd8 15. fxg5 Bxg5+ 16. Kb1 Bf6 17. Bf7 Ne5 18. Qg3 Nxf7 19. Ne4 Be5 20. Qg6 Rh6 21.
Qg4 Qb6 22. c3 Bd7 23. Rhf1 Be8 24. Ng5 Nxg5 25. Qxg5+ Bf6 26. Qg3 Be5 27. Qxe5 d5 28. Rf8 Rf6 29. Rg8 Qc7 30. Rxe8+ Kxe8 31. Qxc7 Rd8 32.
Qxg7 Rf7 33. Qg6 Ke7 34. Qg5+ Kd7 35. c4 Kc7 36. cxd5 Rfd7 37. Qe5+ Kb6 38. Qxe6+ Rd6 39.
Qe3+ Kc7 40. h4 a5 41. h5 a4 42. h6 a3 43. bxa3 R6d7 44. d6+ Kb8 45. g4 Re8 1-0

[Event "Late-Titled-Tuesday-Blitz-December-26-2023"]
[Site "Chess.com"]
[Date "2023.12.26"]
[Round "4"]
[White "Alimpic"]
[Black "Grammnik"]
[Result "1-0"]
[WhiteElo "2487"]
[BlackElo "2186"]
[TimeControl "180+1"]
[EndTime "14:38:22 PST"]
[Termination "Alimpic won by checkmate"]

1. Nf3 d5 2. g3 Nf6 3. Bg2 Bg4 4.
O-O Nbd7 5. d4 e6 6. Nbd2 Bd6 7. h3 Bh5 8. Re1 O-O 9. e4 dxe4 10. Nxe4 Nxe4 11.
Rxe4 Bg6 12. Re1 c5 13. c3 Rc8 14. Be3 Qc7 15. Qe2 Rfd8 16. Rad1 a6 17. Nh4 cxd4 18.
Bxd4 Bc5 19. Nxg6 hxg6 20. Qf3 b5 21. h4 Bxd4 22. Rxd4 Ne5 23. Qe4 Rxd4 24. cxd4 Nc4 25. b3 Nb6 26. Qb7 a5 27. Re5 Qc1+ 28. Kh2 Nd5 29.
Bxd5 exd5 30. Qxd5 Rc2 31. Re8+ Kh7 32. Qxf7 Qf1 33. Qg8+ Kh6 34. Qh8# 1-0

[Event "Late-Titled-Tuesday-Blitz-December-26-2023"]
[Site "Chess.com"]
[Date "2023.12.26"]
[Round "4"]
[White "Dedic8"]
[Black "Msb2"]
[Result "1/2-1/2"]
[WhiteElo "2846"]
[BlackElo "3003"]
[TimeControl "180+1"]
[EndTime "14:38:25 PST"]
[Termination "Game drawn - insufficient material"]

1. d4 d5 2. c4 e6 3. Nc3 Bb4 4. cxd5 exd5 5. Bf4 c5 6. Nf3 c4 7. g3 Nc6 8. Bg2 Nge7 9. O-O O-O 10. Rc1 Be6 11.
a3 Bd6 12. Bxd6 Qxd6 13. e4 h6 14. Re1 Rad8 15. exd5 Nxd5 16. Ne4 Qc7 17. Nc5 Bg4 18. Rxc4 Nb6 19. Rc3 Nxd4 20. Qc1 Bxf3 21. Bxf3 Rfe8 22. Rxe8+ Rxe8 23. Kg2 Nxf3 24. Rxf3 Qc6 25. b4 Nd7 26. Nd3 Qd5 27. Nf4 Qe4 28. Qe3 Qxe3 29. Rxe3 Rxe3 30. fxe3 b5 31. Nd3 Nb6 32. Ne5 a6 33. Kf3 f6 34.
Nc6 Nc4 35. Nb8 Nxa3 36. Nxa6 Kf7 37. Ke4 Ke6 38. Nc7+ Kd7 39. Nd5 Kd6 40. Nc3 Kc6 41. Kf5 Nc2 42. Kg6 Nxb4 43. Kxg7 Nd5 44. Nxb5 Kxb5 45.
e4 Nc3 46. Kxf6 Nxe4+ 47. Kg6 Nf2 48. h4 Ne4 49. g4 Nf2 50. g5 hxg5 51. Kxg5 Ne4+ 52. Kg6 Ng3 53. h5 Nxh5 1/2-1/2

[Event "Late-Titled-Tuesday-Blitz-December-26-2023"]
[Site "Chess.com"]
[Date "2023.12.26"]
[Round "4"]
[White "PushingpawnsNYC"]
[Black "Veleamater"]
[Result "0-1"]
[WhiteElo "2485"]
[BlackElo "2362"]
[TimeControl "180+1"]
[EndTime "14:38:25 PST"]
[Termination "Veleamater won on time"]

1. e4 d6 2. d4 g6 3. Nc3 Bg7 4. Bg5 Nf6 5. Qd2 h6 6. Bf4 Nc6 7. Bb5 a6 8. Bxc6+ bxc6 9. O-O-O Bb7 10. h4 Rb8 11. f3 h5 12. Nh3 O-O 13. Bh6 Kh7 14.
Ng5+ Kg8 15. Bxg7 Kxg7 16. g4 Rh8 17. Qf4 Qe8 18. e5 Nd5 19. Nxd5 cxd5 20. gxh5 Rxh5 21.
Rhg1 Bc8 22. Rde1 Qf8 23. Qg3 Bf5 24. Qf4 Rb6 25. Rg2 e6 26. Reg1 Qh8 27. Qg3 Rxh4 28. f4 Rc6 29. c3 dxe5 30. fxe5 Kf8 31. Rf2 Qh6 32. Kd1 Ke7 33. Re1 Rg4 34. Qe3 Qxg5 35. Qxg5+ Rxg5 36. Re3 Rb6 37. a3 a5 38. Rd2 a4 39.
Ke1 c5 40. dxc5 Rc6 41. b4 axb3 42. Rb2 Rxc5 43. Rxb3 Rg2 44. Rb7+ Kf8 45. Kf1 Ra2 46. Rf3 d4 47. Rb8+ Kg7 48. Rb3 dxc3 0-1

[Event "Late-Titled-Tuesday-Blitz-December-26-2023"]
[Site "Chess.com"]
[Date "2023.12.26"]
[Round "4"]
[White "Slovafn"]
[Black "Defenstrator"]
[Result "1-0"]
[WhiteElo "2330"]
[BlackElo "2468"]
[TimeControl "180+1"]
[EndTime "14:38:30 PST"]
[Termination "Slovafn won by resignation"]

1. d4 Nc6 2. d5 Ne5 3. e4 e6 4. Nf3 Nxf3+ 5. Qxf3 exd5 6. exd5 Bb4+ 7. Bd2 Qe7+ 8. Be2 Nf6 9. Nc3 Qe5 10. O-O-O O-O 11.
Rhe1 Qxh2 12. Bf4 Qh4 13. Rh1 Qg4 14. Qxg4 Nxg4 15. Bxg4 Bxc3 16. bxc3 d6 17. Bxc8 Raxc8 18.
Rhe1 Rfe8 19. f3 f6 20. Bg3 Kf7 21. Rxe8 Rxe8 22. Re1 Rh8 23. Kd2 h5 24. a4 h4 25.
Bf2 a6 26. a5 h3 27. gxh3 Rxh3 28. Ke2 Rh5 29. c4 c6 30. Rb1 cxd5 31. Rxb7+ Kg6 32.
Rb6 dxc4 33. Rxa6 Re5+ 34. Kf1 Rd5 35. Ra8 Rd2 36. c3 Rd3 37. a6 Rxc3 38. a7 Ra3 39.
Rc8 1-0

[Event "Late-Titled-Tuesday-Blitz-December-26-2023"]
[Site "Chess.com"]
[Date "2023.12.26"]
[Round "4"]
[White "TST2014"]
[Black "norman927"]
[Result "1-0"]
[WhiteElo "2575"]
[BlackElo "2331"]
[TimeControl "180+1"]
[EndTime "14:38:31 PST"]
[Termination "TST2014 won by resignation"]

1. d4 d5 2. c4 e6 3. Nf3 Nf6 4. Nc3 Bb4 5. e3 O-O 6. Bd3 b6 7. cxd5 exd5 8. a3 Bd6 9. b4 Bg4 10. h3 Bh5 11. O-O c6 12. Be2 Nbd7 13. Bb2 Re8 14. Rc1 Qe7 15. Nh4 Bxe2 16. Nxe2 Rac8 17.
Nf5 Qe6 18. Nxd6 Qxd6 19. Ng3 Ne4 20. Nxe4 Rxe4 21. b5 c5 22. dxc5 bxc5 23. Qd3 Rce8 24. Rfd1 Nb6 25. Qc3 Qg6 26. Qxc5 Na4 27. Qc2 Nxb2 28.
Qxb2 d4 29. Rxd4 Rxd4 30. Qxd4 h5 31. Qxa7 Re5 32. b6 Rg5 33. Qa8+ Kh7 34. Qc6 Qf5 35.
b7 Qxh3 36. b8=Q 1-0

[Event "Late-Titled-Tuesday-Blitz-December-26-2023"]
[Site "Chess.com"]
[Date "2023.12.26"]
[Round "4"]
[White "czasnaszachy"]
[Black "anasta10"]
[Result "0-1"]
[WhiteElo "2392"]
[BlackElo "2611"]
[TimeControl "180+1"]
[EndTime "14:38:32 PST"]
[Termination "anasta10 won by resignation"]

1. d4 g6 2. c4 Bg7 3. g3 d6 4. Bg2 Nf6 5. Nf3 O-O 6. O-O c5 7. dxc5 dxc5 8. Nc3 Nc6 9. Bf4 Be6 10. Ne5 Nxe5 11.
Bxe5 Qb6 12. Qb3 Nd7 13. Bxg7 Kxg7 14. Na4 Qxb3 15. axb3 Rab8 16. Nc3 a6 17. Rfd1 Ne5 18. Ra5 Rfc8 19. Ne4 Nc6 20. Rxc5 b6 21. Rxc6 Rxc6 22. Ra1 b5 23. c5 Bd5 24. b4 Rd8 25. Rd1 Rcc8 26. Ra1 Bb7 27. g4 Rd4 28. Nc3 Rxg4 29. f3 Rxb4 30. Ra2 Rxc5 31. Kf2 Rxb2 32. Rxb2 Rxc3 33. e4 Bc6 34. Ra2 Bb7 35. Bf1 Bc8 36. Ke2 Be6 37. Ra1 Bc4+ 38. Ke1 Bxf1 0-1

[Event "Late-Titled-Tuesday-Blitz-December-26-2023"]
[Site "Chess.com"]
[Date "2023.12.26"]
[Round "4"]
[White "YouShallNotPass001"]
[Black "IlanSchnaider"]
[Result "1/2-1/2"]
[WhiteElo "2516"]
[BlackElo "2686"]
[TimeControl "180+1"]
[EndTime "14:38:35 PST"]
[Termination "Game drawn by repetition"]

1. Nf3 Nf6 2. g3 g6 3. Bg2 Bg7 4. O-O O-O 5. c4 d5 6. cxd5 Nxd5 7. Nc3 Nc6 8. Qc2 e5 9. d3 Be6 10. Ng5 Nxc3 11. Nxe6 Nxe2+ 12. Qxe2 fxe6 13. Bxc6 bxc6 14. Be3 Qd5 15. Rac1 e4 16. dxe4 Qxe4 17. Rc4 Qd5 18. Rfc1 Rab8 19. b3 Rb7 20. Rxc6 Rf7 21. Qa6 Rb8 22.
Qxa7 Rc8 23. Qc5 Qe4 24. Qc4 Qf3 25. Qxe6 Rd8 26. Rxc7 Rd1+ 27. Rxd1 Qxd1+ 28. Kg2 Qf3+ 29. Kh3 Qh5+ 30. Kg2 Qf3+ 31. Kf1 Qd1+ 32. Kg2 Qf3+ 1/2-1/2

[Event "Late-Titled-Tuesday-Blitz-December-26-2023"]
[Site "Chess.com"]
[Date "2023.12.26"]
[Round "4"]
[White "bazar-wokzal"]
[Black "micke12a"]
[Result "1-0"]
[WhiteElo "2647"]
[BlackElo "2411"]
[TimeControl "180+1"]
[EndTime "14:38:35 PST"]
[Termination "bazar-wokzal won on time"]

1. e4 c5 2. c3 g6 3. d4 cxd4 4.
cxd4 d5 5. e5 Bg7 6. Nc3 Nh6 7.
Bf4 Nc6 8. Qd2 Nf5 9. Nf3 h5 10. O-O-O a6 11. Kb1 b5 12. Be2 h4 13. g4 hxg3 14. hxg3 Rxh1 15. Rxh1 Qb6 16. Rd1 e6 17. g4 Nfe7 18. Bh6 Kf8 19. Rh1 Ng8 20. Be3 Bd7 21.
Ng5 Na5 22. b3 b4 23. Nd1 Bb5 24. f4 Bxe2 25. Qxe2 Nc6 26. Qf2 Nge7 27. Nb2 a5 28. Na4 Qb5 29. Nc5 a4 30. bxa4 Rxa4 31. Nxa4 Qxa4 32. Qc2 Qxc2+ 33. Kxc2 Na5 34. Bd2 Nec6 35. Nf3 Nc4 36. Bc1 Kg8 37. Kb3 Bf8 38. Ka4 Be7 39. Rd1 Bd8 40. Kb5 N4a5 41. Bd2 Be7 42. Rc1 b3 43. axb3 Nxb3 44. Rxc6 1-0

[Event "Late-Titled-Tuesday-Blitz-December-26-2023"]
[Site "Chess.com"]
[Date "2023.12.26"]
[Round "4"]
[White "SergioMoralesG"]
[Black "MPCandelario"]
[Result "1-0"]
[WhiteElo "2415"]
[BlackElo "2648"]
[TimeControl "180+1"]
[EndTime "14:38:35 PST"]
[Termination "SergioMoralesG won by checkmate"]

1. d4 d5 2. c4 e6 3. Nf3 Nf6 4. Nc3 Be7 5. Bf4 O-O 6. e3 b6 7.
Bd3 Bb7 8. O-O Nbd7 9. cxd5 exd5 10. Rc1 c5 11. Bb1 a6 12. Qc2 Rc8 13. Ne5 g6 14.
Bh6 Re8 15. f4 cxd4 16. exd4 Ne4 17. Qd3 f5 18. Nxe4 fxe4 19. Qh3 Nf8 20. f5 Rxc1 21. Bxc1 Bc8 22. g4 g5 23. Qh5 Bf6 24. Qf7+ Kh8 25. Nc6 Qd6 26. Qxe8 Bd7 27. Qb8 Qxc6 28. Qxf8# 1-0

[Event "Late-Titled-Tuesday-Blitz-December-26-2023"]
[Site "Chess.com"]
[Date "2023.12.26"]
[Round "4"]
[White "kasparicy"]
[Black "dmarcolino"]
[Result "1-0"]
[WhiteElo "2434"]
[BlackElo "2122"]
[TimeControl "180+1"]
[EndTime "14:38:35 PST"]
[Termination "kasparicy won by resignation"]

1. e4 c6 2. d4 d5 3. f3 e6 4. Nc3 Bb4 5. Be3 Nd7 6. Bd3 Ne7 7. Ne2 Ng6 8. a3 Ba5 9. O-O O-O 10. e5 c5 11. f4 cxd4 12. Nxd4 Bxc3 13. bxc3 Nc5 14. Qh5 Nxd3 15. cxd3 b6 16. Rf3 Re8 17. Rh3 Nf8 18. Rg3 f5 19. Nb5 Ba6 20. Nd6 Re7 21. c4 dxc4 22. dxc4 Qc7 23. a4 Rd8 24. h3 Rxd6 25. exd6 Qxd6 26. Rc1 Rc7 27. Qe8 Rxc4 28. Rxc4 Bxc4 29.
Kh2 Bd5 30. Bd4 g6 31. Be5 Qd7 32. Qb8 Qxa4 33. Bd6 1-0

[Event "Late-Titled-Tuesday-Blitz-December-26-2023"]
[Site "Chess.com"]
[Date "2023.12.26"]
[Round "4"]
[White "Camilla_Lee"]
[Black "TheSilmarils"]
[Result "0-1"]
[WhiteElo "2607"]
[BlackElo "2846"]
[TimeControl "180+1"]
[EndTime "14:38:40 PST"]
[Termination "TheSilmarils won by checkmate"]

1. e4 c6 2. d4 d5 3. Nc3 dxe4 4.
Nxe4 Bf5 5. Ng3 Bg6 6. h4 h6 7. Nf3 Nd7 8. h5 Bh7 9. Bd3 Bxd3 10.
Qxd3 e6 11. Bf4 Qa5+ 12. Bd2 Qc7 13. O-O-O O-O-O 14. Kb1 Ngf6 15. Ne4 c5 16. g3 Nxe4 17. Qxe4 Nf6 18. Qe2 cxd4 19. Bf4 Qb6 20. Ne5 Rd5 21. Nxf7 Rg8 22. Ne5 Bc5 23. Rhe1 Re8 24. Nc4 Qa6 25. Be5 Bb4 26. Rh1 Red8 27. f4 Rc5 28. b3 Bc3 29. Qd3 Rdd5 30. Rhe1 Qxa2+ 31. Kxa2 Ra5+ 32. Nxa5 Rxa5+ 33. Kb1 Ra1# 0-1

[Event "Late-Titled-Tuesday-Blitz-December-26-2023"]
[Site "Chess.com"]
[Date "2023.12.26"]
[Round "4"]
[White "Fan_Of_Chucky"]
[Black "RebecaJimnz"]
[Result "1-0"]
[WhiteElo "2464"]
[BlackElo "2253"]
[TimeControl "180+1"]
[EndTime "14:38:41 PST"]
[Termination "Fan_Of_Chucky won by checkmate"]

1. d4 d5 2. c4 c6 3. Nf3 Nf6 4. g3 e6 5. Bg2 Bd6 6. O-O O-O 7. Nc3 Nbd7 8. Nd2 Qe7 9. e4 dxe4 10. Ndxe4 Nxe4 11. Nxe4 Bc7 12. Re1 h6 13. Qc2 Nf6 14. b3 Nxe4 15. Bxe4 Qf6 16. Bb2 Re8 17. d5 e5 18.
dxc6 bxc6 19. f4 Bh3 20. Qe2 Bf5 21. fxe5 Bxe5 22. Bxf5 Qxf5 23. Bxe5 Re6 24. Qb2 Rae8 25. Bc3 Qc5+ 26. Qf2 Qg5 27. Rxe6 Rxe6 28. Re1 Rd6 29.
Re8+ Kh7 30. Qc2+ g6 31. Rh8# 1-0

[Event "Late-Titled-Tuesday-Blitz-December-26-2023"]
[Site "Chess.com"]
[Date "2023.12.26"]
[Round "4"]
[White "UK_23"]
[Black "SocoLoco"]
[Result "1-0"]
[WhiteElo "2351"]
[BlackElo "2112"]
[TimeControl "180+1"]
[EndTime "14:38:41 PST"]
[Termination "UK_23 won on time"]

1. e4 c5 2. Nf3 e6 3. g3 d5 4.
exd5 exd5 5. d4 Nf6 6. Bg2 Nc6 7.
O-O Bg4 8. c4 Nxd4 9. Qe1+ Be7 10.
Nxd4 cxd4 11. cxd5 O-O 12. Nd2 Re8 13. Nb3 Nxd5 14.
Qd2 Bf6 15. Nxd4 Qd7 16. Nf3 Rad8 17. Rd1 Qb5 18. a4 Qb3 19. Ra3 Qb4 20. Rd3 Qxd2 21. R3xd2 Nb4 22. Rxd8 Bxd8 23. Be3 a6 24. b3 Bf6 25. h3 Bh5 26. Rd7 Bg6 27. Rxb7 Be4 28. Rxb4 Bc3 29. Rc4 Ba5 30. Nd4 Bd3 31. Rc6 h6 32.
Bf1 Be4 33. Rxa6 Bc3 34. Bg2 Bd3 35. Rc6 Bb4 36. Kh2 g6 37. h4 h5 38. Rc7 Be7 39. Bc6 Bd6 40. Rd7 1-0

[Event "Late-Titled-Tuesday-Blitz-December-26-2023"]
[Site "Chess.com"]
[Date "2023.12.26"]
[Round "4"]
[White "Schwindle"]
[Black "rdarruda"]
[Result "1-0"]
[WhiteElo "2387"]
[BlackElo "2512"]
[TimeControl "180+1"]
[EndTime "14:38:46 PST"]
[Termination "Schwindle won by resignation"]

1. e4 c5 2. Nf3 Nc6 3. d4 cxd4 4. Nxd4 e5 5. Nb5 a6 6. Nd6+ Bxd6 7. Qxd6 Qe7 8. Qd1 Nf6 9. Nc3 d6 10. h3 Be6 11.
Bd3 h6 12. O-O O-O 13. f4 exf4 14. Bxf4 Ne5 15. Bg3 Rac8 16. Bh4 g5 17. Bg3 Kg7 18. Qe2 Rfe8 19. Rf2 Nfd7 20. Raf1 b5 21. Nd5 Bxd5 22. exd5 f6 23. Bf5 Rc5 24. Be6 Ng6 25. Qh5 Nde5 26.
Rxf6 Qxf6 27. Rxf6 Kxf6 28. Bxe5+ dxe5 29. Qf3+ Nf4 30. g3 Rxc2 31. gxf4 exf4 32. Qh5 Re7 33. Qxh6+ Ke5 34.
Qxg5+ Kd6 35. Qxf4+ Kc5 36. b4+ Kb6 37. Qd6+ 1-0

[Event "Late-Titled-Tuesday-Blitz-December-26-2023"]
[Site "Chess.com"]
[Date "2023.12.26"]
[Round "4"]
[White "AlexPapasimakopoulos"]
[Black "venturov"]
[Result "0-1"]
[WhiteElo "2632"]
[BlackElo "2499"]
[TimeControl "180+1"]
[EndTime "14:38:48 PST"]
[Termination "venturov won by checkmate"]

1. d4 Nf6 2. c4 d6 3. Nc3 Nbd7 4.
Nf3 g6 5. Bg5 Bg7 6. e3 O-O 7.
Be2 c5 8. O-O a6 9. Re1 Re8 10.
Qd2 Qa5 11. Bh4 Rb8 12. a3 b5 13. b4 cxb4 14. axb4 Qd8 15. cxb5 axb5 16. Nxb5 Nb6 17. Rec1 Ne4 18. Qe1 Nd5 19. Bc4 Nb6 20. Bd3 Bf5 21. g4 Bxg4 22. Bxe4 d5 23. h3 dxe4 24. hxg4 exf3 25.
Nc7 Rf8 26. Qd1 Nd5 27. Ra7 Rc8 28. Nxd5 Qxd5 29. Rxe7 f5 30. gxf5 Qxf5 31. Rxc8 Rxc8 32. Bg3 Qh3 33. Re8+ Rxe8 34. Qxf3 Qf5 35. Qxf5 gxf5 36. b5 Re7 37. b6 Rb7 38. Bc7 Kf7 39. Kg2 Ke6 40.
Kf3 Bf8 41. Kf4 Bd6+ 42. Bxd6 Kxd6 43. Kxf5 Rxb6 44. e4 Rb2 45. f4 Ke7 46. d5 Rg2 47. e5 h5 48. d6+ Kd7 49. Kf6 h4 50. f5 h3 51. Kf7 h2 52. e6+ Kxd6 53. e7 Re2 54. f6 h1=Q 55. e8=Q Rxe8 56. Kxe8 Ke6 57. f7 Qh5 58. Kf8 Qxf7# 0-1

[Event "Late-Titled-Tuesday-Blitz-December-26-2023"]
[Site "Chess.com"]
[Date "2023.12.26"]
[Round "4"]
[White "protectiago"]
[Black "IngOscarArdila"]
[Result "0-1"]
[WhiteElo "2057"]
[BlackElo "2325"]
[TimeControl "180+1"]
[EndTime "14:38:49 PST"]
[Termination "IngOscarArdila won on time"]

1. d4 h6 2. c4 a6 3. g3 e6 4.
Bg2 Be7 5. Nc3 Nf6 6. e4 d6 7. Nf3 O-O 8. O-O Nbd7 9. Re1 c6 10. Qc2 Qc7 11. b3 e5 12. Ba3 Re8 13. Rad1 Nf8 14. h3 Ng6 15. dxe5 dxe5 16. Bxe7 Qxe7 17. Rd2 Be6 18. Red1 Rad8 19. Rxd8 Rxd8 20. Rxd8+ Qxd8 21. Qd2 Qa5 22. Qb2 Qc5 23. Na4 Qd6 24. c5 Qd1+ 25.
Kh2 Nxe4 26. Nxe5 Nxe5 27. Bxe4 f6 28. Nc3 Qe1 29. Bg2 Nd3 30. Qe2 Qxe2 31. Nxe2 Nxf2 32. Nf4 Bf7 33. Kg1 Nd1 34. Bf3 Nc3 35. a3 Bxb3 36. Nd3 Bd5 37. Bg4 Be4 38. Nb2 f5 39. Bh5 Kf8 40.
Bg6 Ke7 41. g4 Kf6 0-1

[Event "Late-Titled-Tuesday-Blitz-December-26-2023"]
[Site "Chess.com"]
[Date "2023.12.26"]
[Round "4"]
[White "Leo_C"]
[Black "PoXerStar"]
[Result "1-0"]
[WhiteElo "2626"]
[BlackElo "2429"]
[TimeControl "180+1"]
[EndTime "14:38:52 PST"]
[Termination "Leo_C won on time"]

1. e4 c5 2. Nf3 g6 3. c3 d5 4. e5 Nc6 5. d4 Bg4 6. Nbd2 f6 7. h3 Bd7 8. exf6 Nxf6 9. Bd3 Bg7 10. O-O O-O 11. Re1 Nh5 12. dxc5 e5 13. Bf1 e4 14.
Nh2 Qh4 15. Ndf3 exf3 16. Qxd5+ Kh8 17. Nxf3 Rxf3 18. Qxf3 Rf8 19. Qe2 Nf4 20. Bxf4 Qxf4 21. Rad1 Ne5 22. Qe3 Qf7 23. f4 Nc6 24. g3 g5 25. fxg5 Ne5 26. Bg2 Bxh3 27. Rf1 1-0

[Event "Late-Titled-Tuesday-Blitz-December-26-2023"]
[Site "Chess.com"]
[Date "2023.12.26"]
[Round "4"]
[White "Alex_Banzea"]
[Black "PapaieDudu"]
[Result "0-1"]
[WhiteElo "2635"]
[BlackElo "2511"]
[TimeControl "180+1"]
[EndTime "14:38:58 PST"]
[Termination "PapaieDudu won on time"]

1. d4 d5 2. Nc3 Nf6 3. Bf4 c6 4. e3 Bf5 5. f3 e6 6. g4 Bg6 7. h4 h5 8. g5 Nfd7 9. Bd3 Bxd3 10. Qxd3 c5 11. g6 f6 12. Nge2 Nc6 13. O-O-O Qa5 14.
e4 Nb4 15. Qe3 O-O-O 16. a3 Nc6 17. exd5 exd5 18. Nxd5 cxd4 19. Qe6 Bxa3 20. bxa3 Qxa3+ 21. Kd2 Qa5+ 22. c3 Rhe8 23. Qf5 Qa2+ 24. Kc1 Qa1+ 0-1

[Event "Late-Titled-Tuesday-Blitz-December-26-2023"]
[Site "Chess.com"]
[Date "2023.12.26"]
[Round "4"]
[White "rhungaski"]
[Black "nitpicker"]
[Result "0-1"]
[WhiteElo "2436"]
[BlackElo "2319"]
[TimeControl "180+1"]
[EndTime "14:39:00 PST"]
[Termination "nitpicker won by resignation"]

1. b3 e5 2. Bb2 d6 3. c4 Nf6 4. Nc3 Be7 5. g3 O-O 6. Bg2 Re8 7. d3 Bf8 8. e3 c6 9. d4 e4 10. d5 Nbd7 11. Nge2 Nc5 12. Nc1 a5 13. h3 h5 14. a3 Qb6 15. O-O Bf5 16. N3e2 Nfd7 17.
Nd4 Bg6 18. g4 hxg4 19. Qxg4 Ne5 20. Qg3 Ncd3 21. Bc3 a4 22. b4 Nxc4 23. Nxd3 exd3 24. Nf5 Bxf5 25. dxc6 bxc6 26. Kh1 Ne5 27. f4 Ng6 28. Bd4 Qc7 29. Rac1 Be4 30. Rf2 Qe7 31. f5 Bxg2+ 32.
Rxg2 Ne5 33. f6 Qxf6 34. Rf2 Qg6 35. Qh4 d2 36. Rd1 d5 37. Rdxd2 Qe4+ 38. Qxe4 dxe4 0-1

[Event "Late-Titled-Tuesday-Blitz-December-26-2023"]
[Site "Chess.com"]
[Date "2023.12.26"]
[Round "4"]
[White "MasterofMasters2006"]
[Black "nickmatta"]
[Result "0-1"]
[WhiteElo "2078"]
[BlackElo "2429"]
[TimeControl "180+1"]
[EndTime "14:39:00 PST"]
[Termination "nickmatta won by checkmate"]

1. d4 Nf6 2. c4 g6 3. Nc3 d5 4.
Nf3 Bg7 5. Qb3 dxc4 6. Qxc4 O-O 7. e4 a6 8. Be2 b5 9. Qb3 c5 10.
dxc5 Be6 11. Qc2 Qc7 12. Be3 Nbd7 13. O-O Nxc5 14. e5 Ng4 15. Bd4 Nxe5 16. Nxb5 axb5 17. Qxc5 Qxc5 18. Bxc5 Nxf3+ 19. Bxf3 Bxb2 20. Rab1 Rxa2 21. Bxe7 Rc8 22. Rfe1 Bd4 23. Bh4 b4 24. Rxb4 Bc3 25.
Rbb1 Bxe1 26. Rxe1 h6 27. h3 g5 28. Bg3 Rcc2 29. h4 g4 30. Be4 Re2 31. Rxe2 Rxe2 32. Bd3 Rd2 33. Bb5 h5 34. Kh2 Bd5 35. Bd7 Bxg2 36. Kxg2 Rxd7 37. Kf1 Rd2 38. Ke1 Ra2 39. Be5 Kh7 40. Bg3 Kg6 41. Kf1 Kf5 42. Kg2 Ke4 43. Bd6 f5 44. Kg3 Rd2 45. Bc7 Rd3+ 46. Kg2 f4 47. Bd8 Rh3 48. Bg5 Rd3 49. Be7 Rd2 50.
Kg1 Kf3 51. Bc5 g3 52. fxg3 fxg3 53. Kf1 Rd1# 0-1

[Event "Late-Titled-Tuesday-Blitz-December-26-2023"]
[Site "Chess.com"]
[Date "2023.12.26"]
[Round "4"]
[White "MalcolmPein"]
[Black "MaestroCheck"]
[Result "0-1"]
[WhiteElo "2357"]
[BlackElo "2582"]
[TimeControl "180+1"]
[EndTime "14:39:01 PST"]
[Termination "MaestroCheck won by checkmate"]

1. d4 d5 2. c4 c6 3. Nf3 Nf6 4. Nc3 e6 5. Bg5 Be7 6. e3 h6 7. Bf4 O-O 8. Qc2 Nbd7 9. g4 Nxg4 10. Rg1 f5 11. h3 Ngf6 12. Bxh6 Nh5 13. Be2 Kh7 14. Ng5+ Kxh6 15. Nxe6 Qe8 16. Nc7 Qf7 17. Nxa8 dxc4 18. O-O-O b5 19. Nc7 Bd6 20. e4 Bxc7 21.
e5 Nb6 22. Qd2+ f4 23. Ne4 Bf5 24. Ng5 Qe8 25. Bxh5 Qxh5 26. Qxf4 Nd5 27. Qg3 g6 28. h4 Bd8 29. f4 Nb4 30. a3 Qe2 31. Rd2 Na2# 0-1